[Event "Late-Titled-Tuesday-Blitz-January-16-2024"]
[Site "Chess.com"]
[Date "2024.01.16"]
[Round "10"]
[White "ural58"]
[Black "Mariia89"]
[Result "1-0"]
[WhiteElo "2414"]
[BlackElo "2196"]
[TimeControl "180+1"]
[EndTime "15:57:30 PST"]
[Termination "ural58 won on time"]

1. e4 c6 2. Nc3 d5 3. Nf3 dxe4 4. Nxe4 Nf6 5. Qe2 Nxe4 6. Qxe4 Qd5 7. Qf4 Qf5 8. Qe3 Qxc2 9. Bd3 Qa4 10. O-O e6 11. b3 Qa5 12. Bb2 Nd7 13. Rfe1 Nf6 14. Ne5 Be7 15.
Nc4 Qh5 16. h3 O-O 17. Qg3 Rd8 18. Re5 Qh6 19. Rae1 b5 20. Na5 Bd7 21. Rg5 Nh5 22.
Rxh5 Bd6 23. Qg4 e5 24. Qh4 Qxd2 25. Bxh7+ Kf8 26. Rb1 Be7 27. Qg3 Bf6 28. Nb7 Re8 29. Nc5 Bc8 30. Bf5 Ke7 31. Bxc8 Raxc8 32. Qe3 Qxe3 33.
fxe3 Kd6 34. Ne4+ Kc7 35. Nxf6 gxf6 36. Rh7 Re7 37. Rc1 Kb7 38. Ba3 Rd7 39. Bc5 Rg8 40. Rc2 a5 41. a3 Ka6 42. b4 axb4 43. axb4 Kb7 44. Ra2 Ra8 45. Rxa8 Kxa8 46. Kh2 Kb7 47. h4 Kc8 48. h5 Kd8 49. Rh8+ Kc7 50. h6 Rd2 51. h7 1-0

[Event "Late-Titled-Tuesday-Blitz-January-16-2024"]
[Site "Chess.com"]
[Date "2024.01.16"]
[Round "10"]
[White "SanchezKelvin"]
[Black "cthulhuuu"]
[Result "1/2-1/2"]
[WhiteElo "2555"]
[BlackElo "2450"]
[TimeControl "180+1"]
[EndTime "15:57:32 PST"]
[Termination "Game drawn by repetition"]

1. e4 d6 2. Nc3 Nf6 3. d4 c6 4. f3 b5 5. Be3 e5 6. dxe5 dxe5 7.
Qxd8+ Kxd8 8. a4 b4 9. O-O-O+ Kc7 10. Nb1 Be6 11. Nd2 Nfd7 12. Bc4 Bxc4 13. Nxc4 f6 14.
Ne2 Nc5 15. b3 Nbd7 16. Kb2 Nb6 17. Nxb6 axb6 18. Rd2 Be7 19. Rhd1 Rhd8 20. Rxd8 Rxd8 21. Rxd8 Kxd8 22. Bxc5 Bxc5 23. Kc1 g6 24. Kd2 Kd7 25. Kd3 b5 26. axb5 cxb5 27. c3 Kc6 28. g4 Bf2 29.
cxb4 Be1 30. f4 Bxb4 31. f5 g5 32. Ng3 Be7 33. Kc3 Kc5 34. b4+ Kc6 35. Nf1 Bd8 36. Ne3 Kd6 37. Nd5 Kc6 38. Kd3 Kd6 39. Ke3 Kc6 40. Kf3 Kd6 41. Kg3 Kc6 42. h4 h6 43.
h5 Kd7 44. Kf3 Kc6 45. Ke3 Kd7 46. Kd3 Kc6 47. Kc3 Kd7 48. Kb3 Kc6 49. Nc3 Bb6 50. Kc2 Bd8 51. Kd3 Be7 52. Kc2 Bd8 53. Kb2 Be7 54. Nd5 Bd8 55. Ne3 Be7 56. Ka2 Bd8 57.
Nd5 Kd6 58. Kb3 Kc6 59. Ka3 Kd6 60. Ne3 Kc6 61. Kb3 Kd6 62. Nc2 Kc6 63. Na3 Be7 64.
Kc3 Bd8 65. Nc2 Bb6 66. Ne1 Bd4+ 67. Kb3 Bb6 68. Nd3 Bd8 69. Kc3 Be7 70. Nc1 Bd6 71.
Nb3 Be7 72. Na5+ Kb6 73. Kb3 Bd6 74. Ka3 Be7 75. Nb3 Bd6 76. Nd2 Be7 77. Nf1 Kc6 78.
Ne3 Bd8 79. Nd5 Kd6 80. Kb3 Kc6 1/2-1/2

[Event "Late-Titled-Tuesday-Blitz-January-16-2024"]
[Site "Chess.com"]
[Date "2024.01.16"]
[Round "10"]
[White "Godzillator"]
[Black "GiorgianBarbosa"]
[Result "1-0"]
[WhiteElo "2375"]
[BlackElo "2458"]
[TimeControl "180+1"]
[EndTime "15:57:33 PST"]
[Termination "Godzillator won on time"]

1. c3 Nf6 2. d4 g6 3. Bg5 Bg7 4. Nd2 O-O 5. e4 d6 6. f4 c5 7. Ngf3 cxd4 8. cxd4 d5 9. e5 Ne4 10.
Bh4 Bg4 11. Be2 Nc6 12. O-O Qb6 13. Nb3 e6 14. Kh1 a5 15. a4 f5 16. h3 Bh5 17. Rc1 Rfc8 18. Be1 Nb4 19. Rxc8+ Rxc8 20. Rg1 Nc2 21. Nc5 Nxe1 22. Qxe1 Bxf3 23. Bxf3 Nxc5 24.
Qc3 Qb4 25. Rc1 Qxc3 26. Rxc3 Bf8 27. Be2 b6 28. dxc5 bxc5 29. Bb5 c4 30. Bd7 Rd8 31.
Bxe6+ Kg7 32. b3 Bb4 33. Rg3 c3 34. Bxf5 d4 35. Bd3 Rf8 36. Rf3 Kf7 37. g4 Ke7 38. f5 gxf5 39. gxf5 Bc5 40. Kg2 Rg8+ 41. Kf1 Rf8 42. Ke2 Bb6 43. Kd1 Bc7 44. f6+ Ke6 45.
Bxh7 Bxe5 46. f7 Rxf7 47. Bg8 Kd5 48. Rxf7 Ke4 49. Bh7+ Ke3 50. Re7 Kf4 51. Kc2 Bd6 52. Re6 Bb4 53. Re4+ Kg3 54. Bf5 1-0

[Event "Late-Titled-Tuesday-Blitz-January-16-2024"]
[Site "Chess.com"]
[Date "2024.01.16"]
[Round "10"]
[White "RobertoJBM"]
[Black "PepeCuenca"]
[Result "1-0"]
[WhiteElo "2809"]
[BlackElo "2686"]
[TimeControl "180+1"]
[EndTime "15:57:34 PST"]
[Termination "RobertoJBM won by resignation"]

1. d4 Nf6 2. Nf3 d5 3. e3 Bf5 4.
Bd3 e6 5. Bxf5 exf5 6. Qd3 Qc8 7. c4 c6 8. O-O g6 9. b3 Bd6 10. Ba3 Bxa3 11. Nxa3 O-O 12. Rab1 Nbd7 13. b4 a6 14.
Rfc1 Qd8 15. c5 Qc7 16. Rb2 f4 17. Re1 fxe3 18. Rxe3 Rfe8 19. Rbe2 Rxe3 20. Rxe3 Re8 21. Nc2 Qf4 22. Rxe8+ Nxe8 23. Qe3 Qxe3 24. Nxe3 Ng7 25.
Kf1 Ne6 26. g3 f5 27. Ke2 Kg7 28. a4 Kf6 29. b5 axb5 30. axb5 g5 31. bxc6 bxc6 32.
Kd3 h5 33. h4 g4 34. Ne1 f4 35. N3g2 Kf5 36. gxf4 Nxf4+ 37. Ke3 Ng6 38. Nd3 Nf6 39.
Ndf4 Nf8 40. Ne1 N8d7 41. Ned3 Nb8 42. Ne5 g3 43. f3 Nfd7 44. Nxd7 Nxd7 45. Nxh5 g2 46.
Kf2 Nf8 47. Ng3+ Kf4 48. Ne2+ Kf5 49. Kxg2 Ne6 50. Kg3 Ng7 51. Nf4 Ne8 52. Nd3 Ng7 53. Ne5 Nh5+ 54. Kf2 Nf4 55. Nxc6 Ne6 56. Ke3 Kg6 57.
Ne7+ Kh5 58. Nxd5 Kxh4 59. Nf4 Nc7 60. d5 Na6 61. c6 Kg5 62. Ke4 Kf6 63. Nd3 Ke7 64.
Ke5 Kd8 65. d6 Kc8 66. f4 Nb8 67. Kd5 Na6 68. f5 1-0

[Event "Late-Titled-Tuesday-Blitz-January-16-2024"]
[Site "Chess.com"]
[Date "2024.01.16"]
[Round "10"]
[White "jcibarra"]
[Black "Rud_Makarian"]
[Result "1-0"]
[WhiteElo "2890"]
[BlackElo "3028"]
[TimeControl "180+1"]
[EndTime "15:57:36 PST"]
[Termination "jcibarra won by resignation"]

1. e4 c5 2. Nf3 d6 3. c3 Nf6 4.
h3 Nc6 5. Bd3 g6 6. Bc2 Bg7 7. O-O e5 8. d4 cxd4 9. cxd4 exd4 10.
Nxd4 O-O 11. Nc3 d5 12. Bg5 Nxd4 13. Qxd4 Nxe4 14. Bxd8 Bxd4 15. Nxd5 Rxd8 16. Bxe4 Kg7 17. Rad1 Bxb2 18. Nc7 Rxd1 19. Rxd1 Rb8 20. Rd8 Be5 21. Ne8+ Kh6 22. Rd5 Bf4 23. Nd6 Be6 24. Rd4 Be5 25. Rd3 b5 26. Rd2 a5 27. Nb7 a4 28.
g3 b4 29. Nc5 Bc3 30. Rc2 a3 31. Nxe6 fxe6 32. Bd3 Rc8 33. Bb5 b3 34. axb3 Rd8 35. b4 Bb2 36. Bc4 Rd4 37. Bxe6 Rxb4 38. Ba2 Bd4 39. Kg2 Kg7 40. h4 Kf6 41. Rc4 Rb2 42. Rxd4 Rxa2 43. Ra4 Ra1 44. Kf3 h5 45. Kf4 Rf1 46.
Ra6+ Kf7 47. Ra7+ Kf6 48. Ra6+ Kf7 49. f3 Rd1 50. Rxa3 Rd4+ 51. Kg5 Rd5+ 52. Kh6 Rf5 53. f4 Rf6 54. Ra7+ Kf8 55. Kh7 Rb6 56. Rg7 Rb3 57. Rxg6 Kf7 58. Kh6 Rc3 59. Kxh5 Rc5+ 60. Rg5 Rc1 61.
Kg4 Rf1 62. h5 Rf3 63. Kxf3 1-0

[Event "Late-Titled-Tuesday-Blitz-January-16-2024"]
[Site "Chess.com"]
[Date "2024.01.16"]
[Round "10"]
[White "AntonSmirnov"]
[Black "LevonAronian"]
[Result "0-1"]
[WhiteElo "2969"]
[BlackElo "3105"]
[TimeControl "180+1"]
[EndTime "15:57:42 PST"]
[Termination "LevonAronian won by resignation"]

1. e4 c5 2. Nf3 e6 3. d4 cxd4 4. Nxd4 Nc6 5. Nc3 Qc7 6. Qd3 Nf6 7. Ndb5 Qb8 8. Qg3 d6 9. Be3 a6 10. Nd4 Bd7 11. Be2 b5 12. a3 h5 13. h4 Ne5 14.
Rd1 Qc7 15. O-O Rc8 16. Nf3 Ng6 17. Ng5 Be7 18. Rd2 Qb7 19. Rfd1 O-O 20. Bf3 Ne5 21. Be2 Nc4 22. Bxc4 Rxc4 23. f3 Rfc8 24. e5 dxe5 25.
Nge4 Bc6 26. Bh6 Ne8 27. b3 Rd4 28. Be3 Rxd2 29. Bxd2 Bxe4 30. Nxe4 Rxc2 31. Bb4 Nf6 32. Qxe5 Nxe4 33. fxe4 Qa7+ 34. Qd4 Qxd4+ 35. Rxd4 Bxh4 36.
Rd6 Bg3 37. Rd8+ Kh7 38. Bd2 Rb2 39. Rd3 h4 40. Kf1 Kg6 41. a4 bxa4 42. bxa4 Ra2 43.
a5 f5 44. exf5+ Kxf5 45. Bc3 g5 46. Rf3+ Ke4 47. Rf6 Kd5 48. Rg6 Bf4 49. Rg8 Kc4 50. Rc8+ Kd3 51. Be1 Ra1 52. Rd8+ Ke4 53. Ke2 Ra2+ 54.
Kf1 Bg3 55. Bc3 Rc2 56. Bd2 g4 57. Rd7 h3 58. gxh3 gxh3 59. Rg7 Rxd2 60. Rxg3 Rd1+ 61.
Ke2 h2 62. Rg4+ Kf5 0-1

[Event "Late-Titled-Tuesday-Blitz-January-16-2024"]
[Site "Chess.com"]
[Date "2024.01.16"]
[Round "10"]
[White "Incognito_Knight"]
[Black "Hrant_ChessMood"]
[Result "0-1"]
[WhiteElo "2752"]
[BlackElo "2911"]
[TimeControl "180+1"]
[EndTime "15:57:44 PST"]
[Termination "Hrant_ChessMood won on time"]

1. e4 c6 2. d4 d5 3. exd5 cxd5 4.
Bd3 Nf6 5. h3 Nc6 6. c3 g6 7.
Qc2 Bd7 8. Nf3 Rc8 9. a3 Bg7 10. O-O O-O 11. Bf4 Nh5 12. Be3 Qc7 13. Re1 Nf4 14. Bf1 Bf5 15. Qd2 Ne6 16. Bd3 Be4 17. Qe2 f5 18. Ng5 Nxg5 19. Bxg5 e5 20. Bxe4 fxe4 21.
Qb5 exd4 22. Qxd5+ Kh8 23. Qxe4 Rf5 24. Qg4 Ne5 25.
Qg3 Qb6 26. cxd4 Qxd4 27. Nc3 Nd3 28. Be3 Qc4 29. Re2 Be5 30. Qg4 Nxb2 31. Rxb2 Bxc3 32. Qxc4 Rxc4 33. Rc2 Bxa1 34. Rxc4 Rb5 35. Bxa7 Be5 36. g3 Rb3 37. a4 Kg8 38. Bd4 Bd6 39. Kg2 Kf7 40.
Be3 Ke6 41. Re4+ Kd5 42. Rd4+ Ke6 43. Re4+ Kd5 44. Rh4 h5 45. Rd4+ Ke6 46. Re4+ Kd5 47.
Re8 Rb4 48. Rg8 Rxa4 49. Rxg6 b5 50. Rg5+ Kc6 51. Rxh5 b4 52. Rh6 b3 53. Bf4 Rxf4 0-1

[Event "Late-Titled-Tuesday-Blitz-January-16-2024"]
[Site "Chess.com"]
[Date "2024.01.16"]
[Round "10"]
[White "Makswolf200817"]
[Black "BogdanDeac"]
[Result "1/2-1/2"]
[WhiteElo "2759"]
[BlackElo "3009"]
[TimeControl "180+1"]
[EndTime "15:57:45 PST"]
[Termination "Game drawn by repetition"]

1. d4 d5 2. c4 e6 3. Nf3 Nf6 4. g3 dxc4 5. Bg2 a6 6. O-O Nc6 7.
Be3 Nd5 8. Qc1 b5 9. b3 Bd6 10. bxc4 bxc4 11. Qxc4 Bd7 12. Nc3 Nce7 13. Ne5 Bxe5 14. dxe5 Nxe3 15. fxe3 c6 16. Rad1 Nd5 17. Bxd5 cxd5 18. Qb4 a5 19. Qd6 Qe7 20. e4 Qxd6 21. exd6 Rc8 22. Rf3 dxe4 23. Nxe4 f5 24. Nf2 Kf7 25. Nd3 Kf6 26. Re3 Rhd8 27. Ne5 Rc5 28. Nf3 Bc6 29. Kf2 h6 30. Ra3 Bd5 31. Nd4 Rxd6 32. Nb3 Rc2 33. Rxa5 Rb6 34. Nd4 Rxa2 35. Rxa2 Bxa2 36. Ra1 Bd5 37. Ra7 Rb2 38. Nf3 Bc4 39.
Ng1 g5 40. Rc7 Bb5 41. Rb7 g4 42. Rb6 h5 43. Ke3 Ke5 44. Rb8 Rb3+ 45. Kf2 Bc4 46. Rc8 Bb5 47. Rb8 Ba4 48. Rh8 Kf6 49. Rxh5 Kg7 50. h3 Be8 51. Rh4 Rb4 52. hxg4 fxg4 53.
Ke3 Bg6 54. Kf2 Re4 55. e3 e5 56.
Ne2 Rc4 57. Ke1 Bd3 58. Kd2 Bf5 59. Nc3 Bg6 60. e4 Rd4+ 61. Ke3 Rc4 62. Kd2 Rd4+ 63. Ke3 Rc4 64. Kd2 1/2-1/2

[Event "Late-Titled-Tuesday-Blitz-January-16-2024"]
[Site "Chess.com"]
[Date "2024.01.16"]
[Round "10"]
[White "ImportedItalianMaple"]
[Black "carloseduar100"]
[Result "1-0"]
[WhiteElo "2427"]
[BlackElo "2294"]
[TimeControl "180+1"]
[EndTime "15:57:46 PST"]
[Termination "ImportedItalianMaple won by checkmate"]

1. e4 e6 2. Qe2 b6 3. g3 Bb7 4.
Bg2 f5 5. d3 Nf6 6. Nd2 fxe4 7.
dxe4 Bc5 8. Ngf3 O-O 9. O-O Nc6 10. c3 Ng4 11. Nb3 Bxf2+ 12. Rxf2 Nxf2 13. Qxf2 Ne5 14. Qe2 Qf6 15. Nxe5 Qxe5 16. Bf4 Qf6 17. Bxc7 e5 18. Rd1 Rae8 19. Rxd7 Qc6 20. Qg4 Rf7 21. Rxf7 Kxf7 22. Qf5+ Qf6 23. Bd6 h5 24. Ba3 Qxf5 25. exf5 Bxg2 26.
Kxg2 Kf6 27. Nd2 Kxf5 28. Kf2 Kg4 29. Nf1 Rd8 30. Kg2 Rd3 31. h3+ Kf5 32. Kf2 h4 33. gxh4 Rxh3 34. Be7 Ke4 35. Bg5 Kd3 36. Kg2 Ke2 37.
Ng3+ Rxg3+ 38. Kxg3 Kd1 39. Kf3 Kc2 40. Ke4 Kxb2 41.
Bd2 Kc2 42. Be1 Kd1 43. Bg3 Kc2 44. Bxe5 b5 45. Bxg7 a5 46. h5 b4 47. cxb4 axb4 48. h6 Kb1 49. h7 Kxa2 50. h8=Q b3 51. Qb8 Ka3 52. Qa7+ Kb4 53. Qb6+ Kc4 54. Qd4+ Kb5 55. Qb2 Kc4 56. Qc3+ Kb5 57. Qxb3+ Kc6 58. Qd5+ Kc7 59. Qe6 Kb7 60. Kd5 Kc7 61. Be5+ Kb7 62. Kc5 Ka7 63. Qd7+ Ka6 64. Qc8+ Ka7 65. Qb8+ Ka6 66. Qa8# 1-0

[Event "Late-Titled-Tuesday-Blitz-January-16-2024"]
[Site "Chess.com"]
[Date "2024.01.16"]
[Round "10"]
[White "FairChess_on_YouTube"]
[Black "Beca95"]
[Result "1-0"]
[WhiteElo "3103"]
[BlackElo "2949"]
[TimeControl "180+1"]
[EndTime "15:57:51 PST"]
[Termination "FairChess_on_YouTube won by resignation"]

1. Nf3 d5 2. d4 Bf5 3. c4 e6 4. Nc3 Nf6 5. Bg5 c6 6. cxd5 exd5 7. Qb3 Qb6 8. Bxf6 Qxb3 9. axb3 gxf6 10. e3 Nd7 11.
Nh4 Be6 12. Bd3 Nb6 13. Kd2 Bb4 14. Kc2 a5 15. Nf5 Kd7 16. Ne2 Nc8 17. Nf4 Nd6 18.
Nh6 Ke7 19. g4 Rac8 20. Rad1 Ra8 21. h4 Rhc8 22. h5 Kf8 23. Rdg1 Kg7 24. Nf5+ Bxf5 25. h6+ Kh8 26. gxf5 Rg8 27. Nh5 Rxg1 28. Rxg1 Ne8 29. e4 Bf8 30. exd5 cxd5 31. Bb5 Nd6 32. Nxf6 Bxh6 33. Bd3 Bg7 34. Nxh7 Bxd4 35. f6 Rc8+ 36. Kb1 Ne4 37. Bxe4 dxe4 38. Ng5 Bxf6 39. Nxf7+ Kh7 40. Nd6 Rf8 41. Nxe4 Be5 42. Rg5 Bc7 43. Rc5 Bd8 44. Rd5 Kg6 45. Kc2 Bc7 46. Rd7 Rc8 47. Kd3 b6 48. Nd6 Rd8 49. Rxd8 Bxd8 50. Kc4 Kf6 51. Kb5 Ke5 52. Nc4+ Ke4 53. Nxb6 Kf3 54. Nc4 Kxf2 55. Nxa5 Ke3 56. Nc6 Bc7 57. Kc4 Kd2 58. b4 Kc2 59. b3 Kb2 60. b5 Ka3 61. Nb4 Bd8 62. Nd5 Bh4 63. b6 Bg3 64. b7 Bd6 65. Nb4 1-0

[Event "Late-Titled-Tuesday-Blitz-January-16-2024"]
[Site "Chess.com"]
[Date "2024.01.16"]
[Round "10"]
[White "vugarrasulov"]
[Black "iturrizaga"]
[Result "0-1"]
[WhiteElo "2966"]
[BlackElo "3020"]
[TimeControl "180+1"]
[EndTime "15:57:53 PST"]
[Termination "iturrizaga won by checkmate"]

1. e4 c5 2. Nf3 e6 3. c3 d5 4. exd5 Qxd5 5. d4 Nf6 6. Na3 Nc6 7. Nb5 Qd8 8. dxc5 Bxc5 9. Qxd8+ Kxd8 10. Bf4 Nd5 11.
Bd6 Bxd6 12. Nxd6 Ke7 13. Nc4 b6 14. Nfe5 Nxe5 15. Nxe5 Bb7 16. f3 Rac8 17. O-O-O f6 18. Nd3 Rhd8 19. Nf2 Rd7 20. Bd3 Ne3 21. Rde1 Nxg2 22.
Reg1 Bxf3 23. Be4 Bxe4 24. Nxe4 Rc4 25. Nf2 Nf4 26. Rxg7+ Kd8 27. Rg8+ Kc7 28. Kc2 Rc5 29. Ne4 Rf5 30. Rf1 Nd5 31. Rxf5 exf5 32. Ng3 f4 33. Nf5 Ne3+ 34. Nxe3 fxe3 35. Re8 Rd2+ 36. Kb3 e2 37. c4 Kd6 38. Kc3 e1=Q 39. Rxe1 Rxh2 40. Rd1+ Ke6 41.
Re1+ Kf7 42. Rd1 f5 43. Rd7+ Ke6 44. Rxa7 f4 45. Rb7 f3 46. Rxb6+ Ke5 47. Rb8 f2 48. Rf8 Ke4 49. c5 Rh3+ 50. Kb4 Rf3 51. Re8+ Kf4 52. Rf8+ Kg3 53. Rg8+ Kh2 54. Rg7 f1=Q 55. Rxh7+ Rh3 56. Rxh3+ Kxh3 57. c6 Qa6 58. Kc5 Kg4 59. b4 Kf5 60. b5 Qa3+ 61. Kb6 Ke6 62. Kb7 Qc5 63. b6 Kd6 64. c7 Qc6+ 65. Ka7 Kd7 66. a4 Qxa4+ 67. Kb8 Qc6 68. Ka7 Kc8 69. Ka6 Qa4# 0-1

[Event "Late-Titled-Tuesday-Blitz-January-16-2024"]
[Site "Chess.com"]
[Date "2024.01.16"]
[Round "10"]
[White "enriquetejedor"]
[Black "Filipets"]
[Result "0-1"]
[WhiteElo "2749"]
[BlackElo "2597"]
[TimeControl "180+1"]
[EndTime "15:57:56 PST"]
[Termination "Filipets won by resignation"]

1. c3 g6 2. h4 Nf6 3. h5 Nxh5 4.
e4 d5 5. exd5 Qxd5 6. d4 c5 7. Nf3 Bg7 8. Be3 cxd4 9. Bxd4 Nc6 10. Rxh5 Qe4+ 11. Be2 Nxd4 12. cxd4 gxh5 13. Nc3 Qg6 14.
Qa4+ Bd7 15. Bb5 Rd8 16. g3 Qf5 17. Nh4 Bxb5 18. Nxb5 Qd7 19. Nf3 O-O 20. Qb3 a6 21.
Nc3 Qe6+ 22. Qxe6 fxe6 23. Ng5 Bxd4 24. Nxe6 Bxf2+ 25. Ke2 Bxg3 26. Ne4 h4 27. Nxd8 Rxd8 28. Rg1 Kf7 29. Nxg3 hxg3 30. Rxg3 h5 31. Rf3+ Kg6 32. Rg3+ Kf6 33. Rf3+ Kg5 34. Rb3 b5 35. Re3 h4 36.
Rxe7 Rh8 37. Rg7+ Kf6 38. Rg1 h3 39. Kf2 h2 40. Rh1 Ke5 41. Kg2 Ke4 42. Re1+ Kd3 43. Kh1 Rh6 44. Rc1 Kd2 45. Rc7 Rh4 46. Rc6 a5 47. a3 b4 48. Rc5 bxa3 49. bxa3 Ra4 50. Kxh2 Rxa3 51. Kg2 a4 52. Kf2 Rc3 53. Rd5+ Kc2 54.
Ke2 a3 55. Ra5 Kb2 56. Kd2 Rb3 57. Rc5 a2 58. Rc2+ Ka3 59. Rc1 Rb1 60. Rc3+ Kb4 61. Rc7 a1=Q 62. Ke3 Kb5 63. Rc2 Kb6 64. Kd3 Re1 65.
Rd2 Rd1 66. Kc2 Rxd2+ 67. Kb3 Qb1+ 68. Kc4 Rc2+ 69. Kd4 Qd1+ 70. Ke3 Re2+ 0-1

[Event "Late-Titled-Tuesday-Blitz-January-16-2024"]
[Site "Chess.com"]
[Date "2024.01.16"]
[Round "10"]
[White "mightysmasher"]
[Black "iwanyu"]
[Result "0-1"]
[WhiteElo "2567"]
[BlackElo "2679"]
[TimeControl "180+1"]
[EndTime "15:58:01 PST"]
[Termination "iwanyu won by checkmate"]

1. e4 c6 2. d4 d5 3. Nd2 dxe4 4. Nxe4 Nf6 5. Nxf6+ exf6 6. c3 Bd6 7. Bd3 O-O 8. Ne2 Re8 9. O-O Na6 10. Bf4 Nc7 11. Re1 Bg4 12. f3 Be6 13. Bxd6 Qxd6 14. Qd2 Nd5 15. Ng3 Nf4 16. Bf1 Rad8 17. Rad1 Bxa2 18. Ne4 Qc7 19. Ra1 Bd5 20. Rxa7 Ne6 21. Raa1 h6 22.
Qf2 b6 23. Qg3 Qxg3 24. Nxg3 c5 25. Bb5 Rf8 26. dxc5 Nxc5 27. Nf5 Be6 28. Nd4 Bd7 29. Bc4 Rfe8 30. Rxe8+ Bxe8 31. b4 Na4 32. Ne2 Rd2 33.
b5 Nb2 34. Ra8 Kf8 35. Nd4 Nxc4 36. Rc8 Ne3 37. g3 Rg2+ 38. Kh1 Rf2 39. h4 Ke7 40. Rb8 Nd5 41. Rb7+ Kd6 42. Rb8 Bd7 43. Rg8 g6 44. g4 Nxc3 45. Rf8 Rd2 46. Nb3 Rd1+ 47. Kh2 Ke7 48.
Rb8 Be6 49. Rxb6 Bxb3 50. Rb7+ Kf8 51. Rb6 Bd5 52. Rxf6 Rd2+ 53. Kg3 Nxb5 54. Rb6 Nd4 55. h5 Nxf3 56. hxg6 Ng5 57. g7+ Kxg7 58. Rg6+ Kxg6 59.
Kf4 Rd3 60. Ke5 Re3+ 61. Kxd5 Re4 62. Kd6 Rxg4 63. Ke5 Re4+ 64. Kd5 Re6 65. Kd4 h5 66. Kd5 h4 67. Kd4 h3 68. Kd5 h2 69. Kd4 h1=Q 70.
Kc5 Qe4 71. Kb5 Qd5+ 72. Kb4 Re4+ 73. Kc3 Qc4+ 74. Kb2 Re2+ 75. Kb1 Qb3+ 76. Kc1 Qc2# 0-1

[Event "Late-Titled-Tuesday-Blitz-January-16-2024"]
[Site "Chess.com"]
[Date "2024.01.16"]
[Round "10"]
[White "nfds"]
[Black "AmanteDeMoi"]
[Result "0-1"]
[WhiteElo "2487"]
[BlackElo "2590"]
[TimeControl "180+1"]
[EndTime "15:58:02 PST"]
[Termination "AmanteDeMoi won by resignation"]

1. Nf3 g6 2. g3 Bg7 3. Bg2 e5 4.
O-O e4 5. Ne1 d5 6. d3 f5 7. c4 c6 8. dxe4 dxe4 9. Qc2 Nf6 10. b3 O-O 11. Bb2 Be6 12. Nc3 Nbd7 13. Rd1 Qe7 14. Qc1 Rfd8 15. Nc2 Ng4 16. h3 Nge5 17. Nd4 Bf7 18. Qc2 Nc5 19. Nb1 a5 20. Qc1 Rd7 21. Nc2 Rad8 22. Rxd7 Qxd7 23. Bc3 b6 24.
Qb2 Qe7 25. Nd4 Be8 26. Nc2 h5 27. h4 Qc7 28. Nd4 Bf7 29. Nc2 Ne6 30. Qc1 Ng4 31. Bxg7 Kxg7 32. Rd1 Rxd1+ 33. Qxd1 e3 34. f3 Qxg3 35.
fxg4 Qf2+ 36. Kh2 Qxh4+ 37. Kg1 Qf2+ 38. Kh2 hxg4 39. Qe1 g3+ 40. Kh1 Qf4 41. Kg1 c5 42.
Qc3+ Nd4 43. Qxe3 Qxe3+ 44. Nxe3 Nxe2+ 45. Kf1 Nd4 46. Nc3 f4 47. Ned5 f3 48. Bh3 Bxd5 49.
Nxd5 g2+ 50. Kf2 Ne2 51. Bxg2 fxg2 52. Kxg2 Nc1 53. Nxb6 Nxa2 54. Na4 Nc1 55. Nxc5 Kf6 56. Kg3 Ke5 57. Kg4 Kd4 58. Ne6+ Ke5 59. Nf4 Nxb3 60.
Nxg6+ Kd4 61. Kf3 Kxc4 62. Ke2 Kc3 63. Kd1 a4 64. Nf4 a3 65. Nd5+ Kc4 66. Kc2 Nd4+ 67. Kb1 Kxd5 68. Ka2 Nb5 69. Kb3 Kc5 70. Ka2 Kb4 71.
Kb1 Kb3 72. Ka1 Nd6 73. Kb1 Nc4 74. Ka1 Na5 75. Kb1 Nb7 76. Ka1 Nd8 77. Kb1 Nf7 78.
Ka1 Nh6 79. Kb1 Ng4 80. Ka1 Nf2 81. Kb1 Nh1 82. Ka1 Ng3 83. Kb1 Nf1 84. Ka1 Ne3 85.
Kb1 Nc2 0-1

[Event "Late-Titled-Tuesday-Blitz-January-16-2024"]
[Site "Chess.com"]
[Date "2024.01.16"]
[Round "10"]
[White "Balla_Tamas"]
[Black "JCVanDamme10"]
[Result "1-0"]
[WhiteElo "2454"]
[BlackElo "2345"]
[TimeControl "180+1"]
[EndTime "15:58:03 PST"]
[Termination "Balla_Tamas won on time"]

1. e4 c5 2. c3 d5 3. exd5 Qxd5 4. d4 Nc6 5. Nf3 Bg4 6. Be2 Nf6 7. Be3 cxd4 8.
cxd4 e6 9. Nc3 Bb4 10. O-O Bxc3 11. bxc3 O-O 12. h3 Bh5 13. c4 Qd8 14. Qb3 Na5 15.
Qc3 Rc8 16. Bg5 Bxf3 17. Qxf3 Nxc4 18. Qxb7 Qxd4 19. Bxf6 gxf6 20. Rad1 Qe5 21. Bxc4 Rxc4 22. Rd3 Rfc8 23. Rg3+ Kh8 24. Qxf7 f5 25. Re3 Qg7 26. Qxe6 f4 27. Rf3 Rc1 28. Rxc1 Rxc1+ 29. Kh2 Qa1 30. Qe8+ Kg7 31. Qe7+ Kg8 32. Rxf4 Rh1+ 33. Kg3 Qc3+ 34. Rf3 Qg7+ 35. Qxg7+ Kxg7 36. Rb3 Kg6 37. Ra3 Rc1 38. Ra6+ Kf5 39. Rxa7 Rc3+ 40. f3 Kg6 41. a4 Ra3 42. h4 h5 43. Ra6+ Kf5 44. Ra5+ Kg6 45. Rg5+ Kh6 46.
a5 Ra2 47. Rb5 Kg6 48. Rb6+ Kf5 49. a6 Ra4 50. Rb5+ Kg6 51. Rb6+ Kf5 52. Kf2 Rxh4 53. g4+ hxg4 54. a7 g3+ 55. Kxg3 Ra4 56. Rb7 Kf6 57. Kf2 Ra3 58. Ke2 Ke5 59. Re7+ Kd6 60.
Rh7 Ke5 61. Kd2 Kd4 62. Kc2 Kc4 63. Kb2 Ra6 64. f4 Kd5 65. f5 Ke5 66. f6 Ke6 67. f7 Ke7 68. Rh8 1-0

[Event "Late-Titled-Tuesday-Blitz-January-16-2024"]
[Site "Chess.com"]
[Date "2024.01.16"]
[Round "10"]
[White "GoltsevDmitry2000"]
[Black "Yaacovn"]
[Result "1-0"]
[WhiteElo "2779"]
[BlackElo "2903"]
[TimeControl "180+1"]
[EndTime "15:58:14 PST"]
[Termination "GoltsevDmitry2000 won by resignation"]

1. e4 c6 2. e5 d5 3. exd6 exd6 4. d4 Nf6 5. c4 d5 6. Nf3 Bb4+ 7. Nc3 O-O 8. Be2 dxc4 9. Bxc4 Re8+ 10. Be3 Be6 11. Bxe6 Rxe6 12. O-O Nbd7 13. Qb3 Qa5 14. Bd2 Nb6 15.
Ng5 Re7 16. Rfe1 Rae8 17. Re5 Bxc3 18. Bxc3 Qa4 19. Rxe7 Rxe7 20. Bb4 Qxb3 21. axb3 Re8 22. Rxa7 Nbd5 23. Bd2 h6 24. Nf3 Ne4 25. Rxb7 Nxd2 26. Nxd2 Re2 27. Nf1 Rxb2 28. g3 Nc3 29. Rc7 Ne2+ 30.
Kg2 Nxd4 31. Rd7 c5 32. Ne3 Rxb3 33. Nc4 Rb8 34. Nd6 Rf8 35. Rc7 Ne6 36. Rc6 Rd8 37.
Nf5 h5 38. Nd6 Nd4 39. Rb6 g6 40. h4 Kf8 41. Nc4 Rc8 42. Rb7 Ne6 43. Nd6 Rc7 44. Rb8+ Ke7 45. Nc4 Nd4 46. Rb2 Nc6 47. Rb6 Nb4 48. Ne3 Rc8 49. Rb7+ Kf8 50. Nc4 Nd5 51. Nd6 Rc7 52. Rb8+ Ke7 53. Nc4 f6 54. Kf3 Nc3 55.
Rg8 Kf7 56. Rd8 Nb5 57. Rb8 Nd4+ 58. Ke4 Ra7 59. Kd5 Nf5 60. Kxc5 Ra2 61. Rb7+ Ke6 62. Rb6+ Ke7 63. Rb7+ Kd8 64. Rf7 Rxf2 65. Rxf6 Nxg3 66.
Rxg6 Ne4+ 67. Kd4 Rf4 68. Ke5 Rxh4 69. Rg8+ Ke7 70. Rg7+ Kf8 71. Ra7 Ng5 72. Nd6 Rh1 73. Kf6 Rf1+ 74. Kxg5 h4 75. Nf5 h3 76. Rh7 Ke8 77.
Rxh3 Rg1+ 78. Kf6 Re1 79. Rd3 Re2 80. Ng7+ Kf8 81. Rd8+ 1-0

[Event "Late-Titled-Tuesday-Blitz-January-16-2024"]
[Site "Chess.com"]
[Date "2024.01.16"]
[Round "10"]
[White "Elsa167"]
[Black "Championnn-9"]
[Result "1/2-1/2"]
[WhiteElo "2845"]
[BlackElo "2567"]
[TimeControl "180+1"]
[EndTime "15:58:17 PST"]
[Termination "Game drawn by stalemate"]

1. e4 c5 2. Nf3 g6 3. h4 Nf6 4.
e5 Nd5 5. h5 gxh5 6. d4 d6 7. Bc4 Nb6 8. Bxf7+ Kxf7 9. Ng5+ Ke8 10. e6 Bxe6 11. Nxe6 Qc8 12. Qxh5+ Kd7 13. d5 Qe8 14. Qf5 Kc8 15. Nxf8+ N8d7 16. Nxd7 Nxd7 17. Nc3 Rf8 18. Qxh7 Ne5 19. f4 Ng4 20. Bd2 Nf6 21.
Qd3 a6 22. a4 Rg8 23. g3 Ng4 24. a5 Kc7 25. Rh4 Qf7 26. O-O-O Nf2 27. Qh7 Rg7 28. Qh5 Qxh5 29. Rxh5 Nxd1 30. Nxd1 Rxg3 31. Rh7 Kd7 32.
b3 Rf8 33. Ne3 Rxf4 34. Nc4 Rf1+ 35. Kb2 Rg2 36. Rh8 e5 37. Rh7+ Kd8 38. Ne3 Rxd2 39. Nxf1 Rxd5 40. Ne3 Rd4 41. Nc4 e4 42. Rxb7 d5 43. Ne3 Rd2 44. Rb6 d4 45. Nc4 Rh2 46. Re6 d3 47. Rxe4 Rxc2+ 48. Kb1 Rc3 49. Kb2 Rc2+ 50.
Ka3 d2 51. Nxd2 Rxd2 52. Re6 Rd3 53. Kb2 Kc7 54. Rxa6 Rd2+ 55. Kc3 Rd4 56. Rh6 Rg4 57. Kb2 Rg3 58. Rh7+ Kc6 59. a6 Rg8 60. Kc3 Rg3+ 61. Kb2 Rg8 62. Ka3 Ra8 63. Ka4 Kb6 64. Rh6+ Kc7 65.
Ka5 Rg8 66. a7 Kb7 67. Rh7+ Ka8 68. Kb5 c4 69. bxc4 Rg5+ 70. Kb4 Rb5+ 71. Kc3 Rb3+ 72. Kd4 Rd3+ 73. Kc5 Rd5+ 74. Kc6 Rc5+ 75. Kb6 Rb5+ 76.
Kc6 Rc5+ 77. Kd6 Rd5+ 78. Ke6 Re5+ 79. Kf6 Rf5+ 80. Ke7 Re5+ 81. Kd8 Re8+ 82. Kd7 Rd8+ 83. Kc7 Rc8+ 84. Kb6 Rc6+ 85. Kxc6 1/2-1/2